 Dungeon Crawl Stone Soup version 0.31.0-12-g77e489cdc1 (webtiles) character file.

Game seed: 11861900744512890075

32 spaghetti the Ruffian (level 3, -3/29 HPs)
             Began as a Demonspawn Berserker on Feb 26, 2024.
             Was a Believer of Trog.
             Slain by Terence
             ... wielding a +0 hand axe
              (5 damage)
             ... on level 2 of the Dungeon.
             The game lasted 00:01:02 (826 turns).

spaghetti the Ruffian (Demonspawn Berserker)         Turns: 826, Time: 00:01:02

Health: -3/29      AC: 10    Str: 19    XL:     3   Next: 8%
Magic:  3/3        EV:  3    Int:  7    God:    Trog [**....]
Gold:   26         SH:  0    Dex: 12    Spells: 2/2 levels left

rFire   . .          .
                       - Unarmed
rCold   . . .        (no shield)
rNeg    . . .        d - +0 plate armour
rPois   .            (no helmet)
rElec   .            (no cloak)
rCorr   .            (no gloves)
SInv    .            (no boots)
Will    .....        e - amulet of reflection Stlth
                     (no ring)
HPRegen 0.24/turn    (no ring)
MPRegen 0.08/turn

%: reflection
@: on berserk cooldown, held, slowed, very slow
A: powered by pain 1
a: Renounce Religion, Berserk, Trog's Hand


You were on level 2 of the Dungeon.
You worshipped Trog.
Trog was pleased with you.
You visited 1 branch of the dungeon, and saw 2 of its levels.

You collected 26 gold pieces.

Inventory:

Armour
 a - a +0 animal skin
 d - a +0 plate armour (worn)
Jewellery
 e - an amulet of reflection (around neck)
 f - a ring of fire
Scrolls
 b - 3 scrolls of identify


   Skills:
 - Level 3.0 Fighting
 - Level 1.7 Armour
 - Level 1.7 Dodging
 + Level 3.9 Unarmed Combat


You had 2 spell levels left.
You didn't know any spells.
Your spell library was empty.

Dungeon Overview and Level Annotations

Branches:
Dungeon (2/15)

Altars:

Shops:
D:1 [

Annotations:
D:2 Terence


Innate Abilities, Weirdness & Mutations

You sometimes gain a little power by taking damage.


Message History

Terence hits you with a +0 hand axe.
The jackal bites you but does no damage.
The ribbon worm expels a string of sticky webbing.
The stream of webbing hits you but does no damage.
You are caught in a web!
Unknown command.
You struggle to detach yourself from the web.
The jackal barely misses you. Terence hits you but does no damage.
You struggle to detach yourself from the web.
You feel a strong urge to attack something.
The jackal bites you but does no damage.
The web tears apart.
You are no longer berserk.
You are exhausted.
You feel yourself slow down. Terence hits you with a +0 hand axe.
* * * LOW HITPOINT WARNING * * *
The jackal bites you.
* * * LOW HITPOINT WARNING * * *
Unknown command.
Unknown command.
Okay, then.
As you read the scroll labelled ZUUFUHEISI, it crumbles to dust.
You hear a loud clanging noise!
It was a scroll of noise.
You hear an angry hiss. x2
The jackal bites you but does no damage.
The ribbon worm closely misses you. Terence hits you with a +0 hand axe.
* * * LOW HITPOINT WARNING * * *
You block the jackal's attack.
The ribbon worm expels a string of sticky webbing.
The stream of webbing hits you but does no damage.
You are caught in a web!
Terence hits you but does no damage.
Unknown command.
As you read the scroll labelled IZXOSU DOLUPOBB, it crumbles to dust.
It is a scroll of identify.
You don't currently have any unidentified items.
The jackal bites you but does no damage.
Terence hits you with a +0 hand axe.
You die...
Terence says, "Rest in peace."

#. ##. . ...
.. #.. .. ..
#..#####.#
...#.......
......@wh###
.......@†..##
#
#...###..#..#
# # ##.##.# #
#..#.# #
##...## #.#
##...#####
#.#
#........#
#.#
#........#
#.#
#.(..(...#
#.#


You could see Terence, a ribbon worm (catching breath) and a jackal.

Vanquished Creatures
  2 bats (D:1)
  An endoplasm (D:1)
  A giant cockroach (D:1)
  3 goblins
  5 hobgoblins (D:1)
  5 jackals
  2 quokkas (D:1)
  3 ball pythons (D:1)
  A frilled lizard (D:1)
  2 kobolds (D:1)
  A rat (D:1)
26 creatures vanquished.

Notes
Turn   | Place    | Note
-------+----------+-------------------------------------------
     0 | D:1      | spaghetti the Demonspawn Berserker began the quest for the
                  | Orb.
     0 | D:1      | Reached XP level 1. HP: 18/18 MP: 1/1
   116 | D:1      | Gained mutation: You sometimes gain a little power by
                  | taking damage. [demonic ancestry]
   116 | D:1      | Reached XP level 2. HP: 24/24 MP: 2/2
   395 | D:1      | Found Tickioh's Armour Shoppe.
   532 | D:1      | Reached ** piety under Trog
   613 | D:1      | Reached XP level 3. HP: 29/29 MP: 3/3
   809 | D:2      | Noticed Terence
   826 | D:2      | Slain by Terence

Illustrated notes

Levels and vault maps discovered:
D:1:      amcnicky_arrival_single_pillar, layout_basic, serial_shops, shop,
          minmay_misc_feat_cross
D:2:      layout_basic, serial_bayou_crossing, uniq_terence

Skill      XL: |  1 |
---------------+----+-----
Unarmed Combat | 3 |  3.9
Fighting       | |  3.0
Armour         | |  1.7
Dodging        | |  1.7

Action                     || total
---------------------------++-------
  Melee: Unarmed           ||    91
         Punch             ||     2
 Invoke: Berserk           ||     1
    Use: Scroll            ||     2
   Stab: Sleeping          ||     1
 Armour: Animal skin       ||     8
         Plate armour      ||    53
  Dodge: Dodged            ||    26
  Block: Other             ||    12
